 Dungeon Crawl Stone Soup version 0.29.1-15-g9cfb28693d (webtiles) character file.

Game seed: 14305372927479908008

1819 Calibrex the Grappler (level 8, -1/80 (83) HPs)
             Began as a Troll Fighter on Mar 23, 2023.
             Was an Initiate of Wu Jian.
             Slain by Edmund
             ... wielding a +1 vorpal flail
              (4 damage)
             ... on level 6 of the Dungeon.
             The game lasted 00:18:32 (4679 turns).

Calibrex the Grappler (Troll Fighter)               Turns: 4679, Time: 00:18:33

HP:   -1/80 (83)    AC:  8    Str: 25    XL:     8   Next: 85%
MP:   7/7           EV:  8    Int:  6    God:    Wu Jian [......]
Gold: 382           SH:  9    Dex:  9    Spells: 7/7 levels left

rFire   . . .      SeeInvis .     - Unarmed
rCold   . . .      Faith    .   b - +1 kite shield
rNeg    . . .      Spirit   .   t - +0 troll leather armour {Pargi}
rPois   .          Reflect  .   (helmet restricted)
rElec   .          Harm     .   r - +1 cloak
rCorr   .          Rampage  .   (gloves unavailable)
Will    .....                   (boots unavailable)
Stlth   +.........              (no amulet)
HPRegen 1.83/turn               (no ring)
MPRegen 0.10/turn               (no ring)

@: mesmerised, lightly drained
A: large, unfitting armour, claws 3, regeneration 1, shaggy fur 1, tough skin 1
a: Renounce Religion


You were on level 6 of the Dungeon.
You worshipped Wu Jian.
Wu Jian was noncommittal.
You visited 1 branch of the dungeon, and saw 6 of its levels.
You also visited: Sewer.

You collected 382 gold pieces.

Inventory:

Missiles
 e - 17 poisoned darts
 n - a throwing net
Armour
 a - a +0 robe
 b - a +1 kite shield (worn)
 r - a +1 cloak (worn)
 t - a +0 troll leather armour (worn) {Pargi}
Magical Staves
 h - a staff of poison
Jewellery
 k - a ring of fire
Wands
 m - a wand of mindburst (14) (quivered)
 q - a wand of light (14)
Scrolls
 g - a scroll of teleportation
 o - a scroll of blinking
 p - a scroll of enchant armour
 s - a scroll of summoning
 u - a scroll of torment {unknown}
 x - a scroll of acquirement {unknown}
 y - a scroll of magic mapping
Potions
 c - a potion of might
 d - 5 potions of curing
 f - 3 potions of flight
 i - a potion of mutation
 j - 3 potions of brilliance
 l - a potion of magic {unknown}
 v - 2 potions of degeneration {unknown}
 w - 2 potions of haste {unknown}
 z - 3 potions of attraction {unknown}
 A - a potion of heal wounds {unknown}


   Skills:
 + Level 6.2 Fighting
 - Level 2.4 Dodging
 + Level 6.9 Shields
 * Level 10.1 Unarmed Combat


You had 7 spell levels left.
You didn't know any spells.
Your spell library contained the following spells:

 Spells                   Type           Power      Damage    Failure   Level
 Magic Dart               Conj           0%         1d3       75%         1
 Call Imp                 Summ           0%         N/A       87%         2
 Ensorcelled Hibernation  Hex/Ice        0%         N/A       87%         2
 Gell's Gravitas          Tloc           0%         N/A       98%         3
 Lesser Beckoning         Tloc           0%         N/A       98%         3
 Mephitic Cloud           Conj/Pois/Air  0%         N/A       98%         3
 Ozocubu's Armour         Ice            0%         N/A       98%         3
 Spider Form              Tmut/Pois      0%         N/A       98%         3
 Teleport Other           Tloc           0%         N/A       98%         3
 Anguish                  Hex/Necr       0%         N/A       100%        4
 Metabolic Englaciation   Hex/Ice        0%         N/A       100%        5
 Simulacrum               Ice/Necr       0%         N/A       100%        6


Dungeon Overview and Level Annotations

Branches:
Dungeon (6/15)             Temple (0/1) D:6           Sewer (visited)

Altars:
Cheibriados
Dithmenos
Hepliaklqana
Makhleb
Uskayaw
Wu Jian
Xom

Shops:
D:4 :*

Annotations:
D:6 Edmund, Maggie


Innate Abilities, Weirdness & Mutations

You are too large for most types of armour.
You have claws for hands.
Your natural rate of healing is unusually fast.
You are covered in fur. (AC +1)
You have tough skin. (AC +1)


Message History

z - 3 sedimented silvery potions (gained 2)
You now have 382 gold pieces (gained 19).
You see here a +0 shortbow.
Found a scale mail.
Found a stone staircase leading up.
You see here a +0 scale mail.
Edmund and Maggie come into view.
Edmund is wielding a +1 vorpal flail.
Maggie is wielding a +0 glaive of draining.
Edmund shouts!
Maggie shouts!
Maggie gestures wildly while chanting.
Maggie attempts to bespell you!
You are mesmerised by Maggie!
Maggie gestures wildly while chanting.
Maggie draws you further into her thrall.
You see here a fuming clear potion.
Maggie casts a spell at you. The bolt of fire hits you!
Maggie barely misses you. Edmund barely misses you.
You lunge at Maggie.
You mangle Maggie!!
Maggie is heavily wounded.
Maggie closely misses you.
You scratch Maggie but do no damage.
Maggie is heavily wounded.
Maggie hits you with a +0 glaive of draining!
You feel drained.
Edmund says, "A flail is better than a scythe, any day of the week!"
You block Edmund's attack.
You scratch Maggie but do no damage.
Maggie is heavily wounded.
Maggie casts a spell at you. The bolt of fire hits you!!
Edmund hits you with a +1 vorpal flail. Maggie casts a spell at you.
The bolt of fire hits you!!
* * * LOW HITPOINT WARNING * * *
Edmund hits you with a +1 vorpal flail.
* * * LOW HITPOINT WARNING * * *
x2 You mangle Maggie!!
Maggie is almost dead.
Maggie barely misses you. Edmund hits you with a +1 vorpal flail!
* * * LOW HITPOINT WARNING * * *
You die...

#####..########.#
#.............#.#
#.####..##.##.#.#
#..##.#....##
#..!........
#...#.....##
#..........#.
#...@........
#.#..@.....#
#....@....##
............##
######.####.# #.#
.# #.# . #.. . ##
##


You could see Maggie (mesmerising) and Edmund.

Vanquished Creatures
  The ghost of n0ni the Cudgeller, an amateur MiBe of Trog (D:3)
  Eustachio (D:4)
  Menkaure (D:4)
  Duvessa (D:4)
  Pargi (Sewer)
  A centaur (D:6)
  A necrophage (D:4)
  A bullfrog (D:6)
  4 scorpions
  Dowan (D:4)
  A howler monkey (D:6)
  4 hounds
  4 orc priests
  2 iguanas (D:4)
  An orc wizard (D:4)
  9 gnolls
  11 adders
  2 ufetubi (D:5)
  3 worms
  A dart slug (D:3)
  16 orcs
  9 endoplasms
  7 giant cockroaches
  9 goblins
  8 hobgoblins
  16 kobolds
  4 quokkas
  8 ball pythons
  6 bats
  9 frilled lizards
  8 rats
151 creatures vanquished.

Vanquished Creatures (others)
  A bat (D:3)
1 creature vanquished.

Grand Total: 152 creatures vanquished

Notes
Turn   | Place    | Note
-------+----------+-------------------------------------------
     0 | D:1      | Calibrex the Troll Fighter began the quest for the Orb.
     0 | D:1      | Reached XP level 1. HP: 22/22 MP: 0/0
   180 | D:1      | Reached XP level 2. HP: 29/29 MP: 1/1
   852 | D:1      | Found a faded altar of an unknown god.
   931 | D:2      | Reached skill level 3 in Unarmed Combat
   931 | D:2      | Reached XP level 3. HP: 36/36 MP: 2/2
  1014 | D:2      | Reached skill level 5 in Fighting
  1014 | D:2      | Reached skill level 5 in Shields
  1014 | D:2      | Reached skill level 8 in Unarmed Combat
  1014 | D:2      | Reached XP level 4. HP: 50/50 MP: 3/3
  1728 | D:3      | Reached XP level 5. HP: 57/57 MP: 4/4
  1969 | D:3      | Reached XP level 6. HP: 60/66 MP: 5/5
  2113 | D:3      | Found a runed translucent door.
  2113 | D:3      | Noticed n0ni's ghost (amateur MiBe)
  2213 | D:3      | Found a shimmering altar of Xom.
  2632 | D:3      | Killed n0ni's ghost
  2633 | D:3      | Reached XP level 7. HP: 49/72 MP: 6/6
  2859 | D:4      | Found Livaqe's Assorted Antiques.
  2914 | D:4      | Noticed Duvessa
  2917 | D:4      | Noticed Dowan
  2926 | D:4      | Killed Duvessa
  2927 | D:4      | Reached skill level 9 in Unarmed Combat
  2927 | D:4      | Killed Dowan
  2942 | D:4      | Found a burning altar of Makhleb.
  2955 | D:4      | Found Getuxkea's Vocational Training.
  3003 | D:4      | Found a glowing drain.
  3037 | Sewer    | Entered a sewer
  3149 | Sewer    | Noticed Pargi
  3156 | Sewer    | Killed Pargi
  3251 | D:4      | Reached XP level 8. HP: 77/83 MP: 7/7
  3262 | D:4      | Identified the +9 dagger of Wyets {freeze, rC- Will+ Str+4}
  3274 | D:4      | Found a hazy altar of Hepliaklqana.
  3275 | D:4      | Noticed Menkaure
  3349 | D:4      | Found a hide-covered altar of Uskayaw.
  3422 | D:4      | Noticed Eustachio
  3432 | D:4      | Killed Eustachio
  3632 | D:4      | Killed Menkaure
  3933 | D:5      | Entered Level 5 of the Dungeon
  4199 | D:5      | Found a shadowy altar of Dithmenos.
  4203 | D:5      | Found an ornate altar of the Wu Jian Council.
  4465 | D:5      | Became a worshipper of the Wu Jian Council
  4480 | D:6      | Reached skill level 10 in Unarmed Combat
  4496 | D:6      | Found a snail-covered altar of Cheibriados.
  4601 | D:6      | Found a staircase to the Ecumenical Temple.
  4670 | D:6      | Noticed Edmund
  4670 | D:6      | Noticed Maggie
  4679 | D:6      | HP: 3/80 [Edmund/+1 vorpal flail (10)]
  4679 | D:6      | Slain by Edmund

Illustrated notes

Levels and vault maps discovered:
D:1:      reono_arrival_forest_river, layout_loops_corners,
          hellmonk_ecumenical_altar_zigzags
D:2:      layout_basic
D:3:      minmay_razor_zed, layout_basic, xom_confusion_cloud,
          ebering_ghost_inner_flame, cheibrodos_gnoll_hut
D:4:      layout_layer_cave, amcnicky_altar_gilded,
          mainiacjoe_overflow_catwalk_spiral, gup_sewer_entry_glass,
          serial_shops, kennysheep_mini_moat, nicolae_shop_vocational,
          uniq_eustachio, uniq_menkaure, uniq_duvessa
D:5:      layout_rooms, nicolae_overflow_hidden_temple
D:6:      layout_loops_ring, lemuel_blue_sif_altar,
          mainiacjoe_overflow_tiny_flanked, mainiacjoe_overflow_surrounded_room,
          mainiacjoe_overflow_cross_hatched, minmay_temple_entry_offerings,
          uniq_edmund, uniq_crazy_yiuf_cottage, uniq_maggie

Skill      XL: |  1  2  3  4  5  6  7  8 |
---------------+-------------------------+-----
Shields        | 3 5 6 |  6.9
Unarmed Combat | 3 8 9 10 | 10.1
Fighting       | 5 6 |  6.2
Dodging        | |  2.4

Action                   |  1- 3 |  4- 6 |  7- 9 || total
-------------------------+-------+-------+-------++-------
Melee: Unarmed           |    76 |   135 |   169 ||   380
Invok: Lunge             |       |       |     2 ||     2
  Use: Scroll            |     7 |       |     8 ||    15
       Potion            |     1 |       |       ||     1
Armor: Robe              |    19 |    30 |    35 ||    84
       Troll leather arm |       |       |    28 ||    28
Dodge: Dodged            |    13 |    32 |    41 ||    86
Block: Kite shield       |    26 |    45 |    82 ||   153
